 Dungeon Crawl Stone Soup version 0.29.0-4-gdea44cf6ec (webtiles) character file.

Game seed: 14548323899286158747

1 SnakkuSnakku7 the Grasshopper (level 1, -1/12 HPs)
             Began as a Tengu Warper on Aug 27, 2022.
             Slain by a hobgoblin (2 damage)
             ... on level 1 of the Dungeon.
             The game lasted 00:00:20 (33 turns).

SnakkuSnakku7 the Grasshopper (Tengu Warper)          Turns: 33, Time: 00:00:20

Health: -1/12      AC:  3    Str: 11    XL:     1   Next: 20%
Magic:  4/4        EV: 11    Int: 13    God:
Gold:   0          SH:  0    Dex: 13    Spells: 4/4 levels left

rFire   . . .      SeeInvis .   a - +0 falchion
rCold   . . .      Faith    .   (no shield)
rNeg    . . .      Spirit   .   b - +0 leather armour
rPois   .          Reflect  .   (helmet restricted)
rElec   .          Harm     .   (no cloak)
rCorr   .          Rampage  .   (no gloves)
Will    .....                   (boots unavailable)
Stlth   +.........              (no amulet)
HPRegen 0.04/turn               (no ring)
MPRegen 0.09/turn               (no ring)

@: no status effects
A: beak, talons 3
a: no special abilities


You were on level 1 of the Dungeon.
You visited 1 branch of the dungeon, and saw 1 of its levels.

Inventory:

Hand Weapons
 a - a +0 falchion (weapon)
Missiles
 d - 7 boomerangs of dispersal (quivered)
Armour
 b - a +0 leather armour (worn)
Scrolls
 e - a scroll of magic mapping {unknown}


   Skills:
 - Level 2.0 Fighting
 + Level 2.3 Long Blades
 - Level 1.0 Throwing
 - Level 1.1 Armour
 - Level 2.1 Dodging
 - Level 2.0 Spellcasting
 - Level 2.4 Translocations


You had 4 spell levels left.
You didn't know any spells.
Your spell library contained the following spells:

 Spells                   Type           Power      Damage    Failure   Level
 Blink                    Tloc           14%        N/A       19%         2
 Gell's Gravitas          Tloc           7%         N/A       36%         3
 Lesser Beckoning         Tloc           7%         N/A       36%         3
 Teleport Other           Tloc           7%         N/A       36%         3
 Manifold Assault         Tloc           7%         N/A       98%         5


Dungeon Overview and Level Annotations

Branches:
Dungeon (1/15)

Altars:


Innate Abilities, Weirdness & Mutations

You have a beak for a mouth.
You have claws for feet.


Message History

* * * LOW HITPOINT WARNING * * *
The bat attacks as you move away! The bat barely misses you.
The hobgoblin attacks as you move away!
The hobgoblin hits you but does no damage.
The bat hits you but does no damage.
The ball python attacks as you move away!
The ball python closely misses you. The ball python barely misses you.
The bat barely misses you. The bat closely misses you.
Found 8 stones.
The bat barely misses you. x2
You hit the bat but do no damage. Your peck misses the bat.
The bat hits you but does no damage.
You miss the bat. Your kick misses the bat.
The bat hits you but does no damage. The ball python closely misses you.
The ball python grabs you. The ball python constricts you.
The hobgoblin hits you but does no damage.
You escape the ball python's grasp.
The hobgoblin attacks as you move away! The hobgoblin closely misses you.
The ball python closely misses you. The ball python barely misses you.
Blink to where?
Press: ? - help, Dir - move target A hobgoblin comes into view.
As you read the scroll of blinking, it crumbles to dust.
You closely miss the bat. Your kick misses the bat.
The bat hits you but does no damage. The bat barely misses you.
The bat hits you but does no damage.
You closely miss the bat. The bat hits you but does no damage.
You miss the bat. The bat hits you.
* * * LOW HITPOINT WARNING * * *
You hit the hobgoblin.
The hobgoblin is moderately wounded.
The hobgoblin barely misses you.
You barely miss the hobgoblin.
The hobgoblin is moderately wounded.
The hobgoblin barely misses you.
The hobgoblin hits you but does no damage.
You hit the hobgoblin.
You claw the hobgoblin, but do no damage.
The hobgoblin is heavily wounded.
The hobgoblin hits you.
You die...

......## ###. #. ......#
.(.. ... P.....######..#
##... .P.#......S[..#
..... ........#.#...#
......
............#b####......
.........####..Sb.......
............ #g#
............. #@#
#.##......... #........
#. .=...##### #########
.. ......


You could see a hobgoblin, a bat and a ball python.

Vanquished Creatures
  A hobgoblin (D:1)
1 creature vanquished.

Notes
Turn   | Place    | Note
-------+----------+-------------------------------------------
     0 | D:1      | SnakkuSnakku7 the Tengu Warper began the quest for the Orb.
     0 | D:1      | Reached XP level 1. HP: 12/12 MP: 4/4
    33 | D:1      | Slain by a hobgoblin

Illustrated notes

Levels and vault maps discovered:
D:1:      spicycebolla_arrival_clurvy, layout_basic

Action                   || total
-------------------------++-------
Melee: Falchion          ||    16
       Kick              ||     4
  Use: Scroll            ||     1
Armor: Leather armour    ||    16
Dodge: Dodged            ||    20
